 Dungeon Crawl Stone Soup version 0.31-a0-202-g547052bce9 (webtiles) character file.

Game seed: 10129689238103856712

101 CoordinateN the Chopper (level 4, -3/60 HPs)
             Began as a Minotaur Berserker on June 27, 2023.
             Was a Believer of Trog.
             Splashed by a jelly's acid (10 damage)
             ... on level 2 of the Dungeon.
             The game lasted 00:03:46 (1279 turns).

CoordinateN the Chopper (Minotaur Berserker)        Turns: 1279, Time: 00:03:47

Health: -3/60      AC: -10   Str: 24    XL:     4   Next: 48%
Magic:  3/3        EV: 11    Int:  4    God:    Trog [**....]
Gold:   44         SH:  0    Dex:  9    Spells: 3/3 levels left

rFire   + . .        a - +0 hand axe
rCold   + . .        (no shield)
rNeg    . . .        m - +0 ring mail
rPois   .            (helmet restricted)
rElec   .            j - scarf {rC+ rF+}
rCorr   .            (no gloves)
SInv    .            (no boots)
Will    .....        (no amulet) Stlth
                     (no ring)
HPRegen 0.30/turn    (no ring)
MPRegen 0.08/turn

%: no passive effects
@: berserking, corroded, very quick
A: horns 2, retaliatory headbutt
a: Renounce Religion, Berserk, Trog's Hand


You were on level 2 of the Dungeon.
You worshipped Trog.
Trog was pleased with you.
You visited 1 branch of the dungeon, and saw 2 of its levels.

You collected 44 gold pieces.

Inventory:

Hand Weapons
 a - a +0 hand axe (weapon)
Armour
 b - a +0 animal skin
 j - a scarf of resistance (worn)
 m - a +0 ring mail (worn)
Scrolls
 c - a scroll of poison {unknown}
 d - a scroll of torment {unknown}
 g - a scroll of identify {unknown}
Potions
 e - a potion of curing {unknown}
 f - a potion of haste {unknown}
 h - 2 potions of attraction {unknown}
 i - a potion of brilliance {unknown}
 k - a potion of mutation {unknown}
 l - a potion of degeneration {unknown}


   Skills:
 - Level 3.8 Fighting
 + Level 6.0 Axes
 - Level 2.7 Armour
 - Level 2.4 Dodging


You had 3 spell levels left.
You didn't know any spells.
Your spell library was empty.

Dungeon Overview and Level Annotations

Branches:
Dungeon (2/15)

Altars:


Innate Abilities, Weirdness & Mutations

You have a pair of horns on your head.
You reflexively headbutt those who attack you in melee.


Message History

The jelly is almost dead.
You hit the endoplasm.
You kill the endoplasm!
Trog accepts your kill. The jelly hits you. The acid corrodes you!
You are splashed with acid.
The endoplasm attacks as you move away! The endoplasm hits you.
The endoplasm attacks as you move away! The endoplasm hits you.
Things that are here:
a +0 whip; 4 stones You hit the endoplasm.
You headbutt the endoplasm.
You kill the endoplasm!
Trog accepts your kill.
You have reached level 4!
You feel stronger.
The endoplasm jiggles.
You hit the jelly but do no damage. The acid corrodes you!
Your hands burn!
The jelly is almost dead.
The jelly hits you. The acid corrodes you!
You are splashed with acid!
A red film seems to cover your vision as you go berserk!
You feel yourself moving faster!
You feel mighty! The jelly hits you. The acid corrodes you!
You are splashed with acid!
* * * LOW HITPOINT WARNING * * *
You are too injured to fight recklessly!
You are too injured to fight recklessly!
You hit the jelly.
You kill the jelly!
Trog accepts your kill.
Your Axes skill increases to level 6!
You slash the endoplasm!
You kill the endoplasm!
Trog accepts your kill.
You hit the jelly but do no damage.
Your hands burn!
* * * LOW HITPOINT WARNING * * *
You hit the jelly.
Your hands burn!
* * * LOW HITPOINT WARNING * * *
The jelly is lightly wounded.
The jelly hits you.
* * * LOW HITPOINT WARNING * * *
The acid corrodes you!
You are splashed with acid!
You die...

∙ ▒∙▒∙∙▒▒▒▒▒▒▒▒▒▒▒ ▒∙∙∙∙∙∙∙▒∙∙∙
▒∙▒∙∙▒▒∙P∙%∙P∙P$ ▒∙∙∙∙∙∙∙▒∙∙∙
▒∙▒∙∙▒▒∙∙∙∙%P∙∙∙ ▒∙∙∙[)∙∙▒∙∙∙
▒∙▒∙∙▒▒%∙∙P∙∙∙P∙ ▒∙∙∙∙∙∙∙▒∙∙▒
▒∙▒∙∙▒▒∙∙∙P∙∙∙∙∙ ▒∙∙>∙∙∙∙▒∙∙▒
▒∙▒▒∙▒▒∙∙∙JJ∙∙∙∙ ▒∙∙∙∙∙∙%∙∙∙∙
∙∙▒▒▒∙▒▒∙▒▒∙∙JJ∙∙%P∙ ▒∙∙∙∙∙∙▒(∙∙∙
∙∙∙∙∙∙∙∙∙▒ ▒'▒▒▒▒▒▒▒ ▒∙▒▒▒▒∙∙∙∙∙∙
∙∙∙▒▒∙∙▒▒▒ ▒▒∙JJ@∙∙▒▒▒∙▒▒▒▒▒▒∙∙∙∙
∙∙∙∙∙∙∙∙∙▒ ▒▒▒▒▒▒▒▒∙▒▒∙∙∙▒ ▒∙∙∙∙
∙∙▒▒▒▒∙▒∙▒ ▒∙∙∙∙'∙∙▒▒▒(▒∙▒▒▒▒▒∙▒∙
∙∙∙<▒▒∙▒∙▒▒▒∙∙∙∙▒▒▒▒▒▒∙∙∙∙∙∙▒▒∙▒∙
∙∙▒∙▒▒∙)∙∙▒▒∙∙∙∙∙∙∙▒▒∙∙∙∙∙∙∙▒ ∙▒∙
∙∙▒∙▒▒∙∙∙∙▒▒∙∙∙∙∙∙∙▒▒∙∙∙∙∙∙∙▒▒
∙∙∙∙∙∙∙∙▒∙▒▒∙∙∙∙∙∙∙▒▒∙∙∙∙∙∙∙∙∙
▒▒▒∙∙∙∙▒▒▒▒▒∙∙∙∙∙∙∙▒▒∙∙∙∙∙∙∙∙▒
▒▒▒∙▒▒∙▒▒▒▒▒▒∙∙∙∙∙▒▒▒∙∙∙∙∙∙∙∙▒


You could see a jelly and an endoplasm.

Vanquished Creatures
  A jelly (D:2)
  An adder (D:1)
  A worm (D:2)
  5 dart slugs
  2 bats
  6 endoplasms (D:2)
  A giant cockroach (D:1)
  7 goblins
  2 hobgoblins (D:2)
  9 kobolds
  A quokka (D:1)
  4 ball pythons
  3 frilled lizards
  2 rats
45 creatures vanquished.

Notes
Turn   | Place    | Note
-------+----------+-------------------------------------------
     0 | D:1      | CoordinateN the Minotaur Berserker began the quest for the
                  | Orb.
     0 | D:1      | Reached XP level 1. HP: 19/19 MP: 0/0
   185 | D:1      | Reached XP level 2. HP: 27/27 MP: 1/1
   354 | D:1      | Reached skill level 4 in Axes
   857 | D:1      | Reached XP level 3. HP: 30/33 MP: 2/2
   928 | D:2      | Reached ** piety under Trog
  1023 | D:2      | Reached skill level 5 in Axes
  1271 | D:2      | Reached XP level 4. HP: 25/40 MP: 3/3
  1277 | D:2      | Reached skill level 6 in Axes
  1279 | D:2      | Splashed by a jelly's acid

Illustrated notes

Levels and vault maps discovered:
D:1:      tarquinn_simple_flora_water_a, layout_rooms,
          hangedman_decor_clover_reticule, roderic_serpentine_path
D:2:      cheibrodos_fertilizer, layout_rooms

Skill      XL: |  1  2  3  4 |
---------------+-------------+-----
Axes           | 4 5 6 |  6.0
Fighting       | |  3.8
Armour         | |  2.7
Dodging        | |  2.4

Action                     |  1- 3 |  4- 6 || total
---------------------------+-------+-------++-------
  Melee: Hand axe          |    81 |     5 ||    86
         Headbutt          |    13 |       ||    13
         Punch             |     1 |       ||     1
 Invoke: Berserk           |     1 |     1 ||     2
 Armour: Animal skin       |     6 |       ||     6
         Ring mail         |    14 |       ||    14
  Dodge: Dodged            |    45 |       ||    45

Table legend: (Time is in decaauts)
 A = Elapsed time spent in this place.
 B = Non-inter-level travel time spent in this place.
 C = Inter-level travel time spent in this place.
 D = Time resting spent in this place.
 E = Time spent auto-exploring this place.
 F = Levels seen in this place.
 G = Mean time per level.
                   A        B        C        D        E       F      G
               +--------+--------+--------+--------+--------+-----+--------+
         Total |   1291 |   1166 |    125 |     60 |    842 |   2 |  645.5 |
       Dungeon |   1291 |   1166 |    125 |     60 |    842 |   2 |  645.5 |
               +--------+--------+--------+--------+--------+-----+--------+

Top non-repeatable levels by time:
     D:1: 862 daAuts
     D:2: 428 daAuts
